Match 24768615
Unlisted

Match 24768615
End
Royal Engineer Section
Construct Section Command Post
ML 3-inch Mortar Team
Dingo Light Scout Car
Infantry Section
Construct Platoon Command Post
6-pounder Anti-tank Gun Team
Unlock M3 Stuart Light Tanks
M3 Stuart Light Tank
M3 Stuart Light Tank
Selects Indian Artillery Battlegroup
Selects Valour
Selects Gurkha Rifles Section
Gurkha Rifles Section
Construct Company Command Post
Gurkha Rifles Section
SneaKerz
12sdfnv31
0
0

Comments sign in to comment!

No comments posted yet!